 Dungeon Crawl Stone Soup version 0.27.1-1-g398f81649c (webtiles) character file.

Game seed: 4904285036841034310

9 Descartes the Ducker (level 2, -1/14 HPs)
             Began as a Felid Monk on Sept 12, 2021.
             Succumbed to an adder's poison
             ... on level 2 of the Dungeon.
             The game lasted 00:00:57 (723 turns).

Descartes the Ducker (Felid Monk)                    Turns: 723, Time: 00:00:58

Health: -1/14      AC:  1    Str:  7    XL:     2   Next: 3%
Magic:  3/3        EV: 19    Int: 11    God:
Gold:   72         SH:  0    Dex: 18    Spells: 0/1 levels left
                                        Lives:  0   Deaths: 0

rFire    . . .     SeeInvis +     - Unarmed
rCold    . . .     Faith    .   (shield unavailable)
rNeg     . . .     Spirit   .   (armour unavailable)
rPois    .         Reflect  .   (helmet unavailable)
rElec    .         Harm     .   (cloak unavailable)
rCorr    .         Rampage  .   (gloves unavailable)
Will     .....                  (boots unavailable)
Stlth    ++........             (no amulet)
HPRegen  0.04/turn              (no ring)
MPRegen  0.08/turn              (no ring)

@: lethally poisoned (-1 -> -8), quick
A: very small, claws 1, fangs 3, see invisible, speed 1, shaggy fur 1, stealthy
paws, no weapons or thrown items, no armour, multi-lived
a: no special abilities


You were on level 2 of the Dungeon.
You visited 1 branch of the dungeon, and saw 2 of its levels.

You collected 72 gold pieces.

Inventory:

Scrolls
 a - a scroll of immolation {unknown}
Potions
 b - a potion of might {unknown}


   Skills:
 - Level 3.0 Fighting
 + Level 4.2 Dodging
 + Level 3.0 Stealth
 + Level 3.1 Unarmed Combat
 + Level 0.4 Spellcasting
 + Level 0.0 Conjurations


You couldn't memorise any spells.
You knew the following spells:

 Your Spells              Type           Power      Damage    Failure   Level
a - Magic Dart            Conj           0%         1d3       34%         1

Your spell library contained the following spells:

 Spells                   Type           Power      Damage    Failure   Level
 Searing Ray              Conj           0%         3d3       45%         2
 Ozocubu's Armour         Ice            0%         N/A       71%         3
 Fulminant Prism          Conj/Hex       0%         3d6       98%         4
 Metabolic Englaciation   Hex/Ice        0%         N/A       100%        5
 Simulacrum               Ice/Necr       0%         N/A       100%        6


Dungeon Overview and Level Annotations

Branches:
Dungeon (2/15)

Altars:


Innate Abilities, Weirdness & Mutations

You have sharp claws.
You have razor-sharp teeth.
You have supernaturally acute eyesight. (SInv)
You cover ground quickly. (Speed+)
You are covered in fur. (AC +1)
Your paws help you pounce on unaware monsters.
You are incapable of wielding weapons or throwing items.
You cannot wear armour.
You gain extra lives every three experience levels.


Message History

The adder is heavily wounded.
The adder bites you.
You are poisoned.
The adder poisons you! The adder misses you.
You barely miss the adder.
The adder is heavily wounded.
You feel sick. The adder closely misses you.
You scratch the adder.
The adder is severely wounded.
You feel sick. The adder misses you.
You are too injured to fight recklessly!
You are too injured to fight recklessly!
You are too injured to fight recklessly!
You are too injured to fight recklessly!
You are too injured to fight recklessly!
You are too injured to fight recklessly!
You are too injured to fight recklessly!
You are too injured to fight recklessly!
You are too injured to fight recklessly!
You are too injured to fight recklessly!
You are too injured to fight recklessly!
You barely miss the adder.
The adder is severely wounded.
You feel sick. The adder misses you.
You scratch the adder.
The adder is almost dead.
You feel sick. The adder closely misses you. The adder misses you.
You closely miss the adder.
The adder is almost dead.
You feel sick. The adder bites you.
* * * LOW HITPOINT WARNING * * *
You are lethally poisoned!
The adder poisons you!
You miss the adder. Your bite misses the adder.
The adder is almost dead.
* * * LOW HITPOINT WARNING * * *
You feel sick. The adder barely misses you.
You scratch the adder.
You kill the adder!
You die...

#.. #...#..###..
###.##########.##.##...
..........###..##.#.##.
$...).....##..###..# #.
............#<......#.
##..#..#####.##..#.#.
#......###..## # #.
#.##......... ## #
#@..##..... #.)..##
###... #.##.# ... ...
#.# .## ..# # .## .


There were no monsters in sight!

Vanquished Creatures
  An adder (D:2)
  A dart slug (D:2)
  A hobgoblin (D:1)
  2 ball pythons (D:1)
  3 kobolds
8 creatures vanquished.

Notes
Turn   | Place    | Note
-------+----------+-------------------------------------------
     0 | D:1      | Descartes the Felid Monk began the quest for the Orb.
     0 | D:1      | Reached XP level 1. HP: 10/10 MP: 2/2
   432 | D:1      | Found a faded altar of an unknown god.
   690 | D:2      | Reached XP level 2. HP: 14/14 MP: 3/3
   692 | D:2      | Learned a level 1 spell: Magic Dart
   723 | D:2      | Succumbed to an adder's poison

Illustrated notes

Levels and vault maps discovered:
D:1:      minmay_arrival_stone_box, layout_basic,
          hellmonk_ecumenical_altar_crossroads, serial_park_tiny_pond
D:2:      wander_river, layout_rooms, hex_intersection, uniq_crazy_yiuf_cottage

Skill      XL: |  1 |
---------------+----+-----
Stealth        | 3 |  3.0
Fighting       | |  3.0
Dodging        | |  4.2
Unarmed Combat | |  3.1
Spellcasting   | |  0.4

Action                   || total
-------------------------++-------
Melee: Unarmed           ||    22
 Stab: Sleeping          ||     3
Dodge: Dodged            ||    14
